 Dungeon Crawl Stone Soup version 0.29-a0-207-gf982a884d8 (webtiles) character file.

Game seed: 9234013931497835400

233 dolemite99 the Bolt Thrower (level 6, -10/35 HPs)
             Began as a Gargoyle Hunter on Feb 24, 2022.
             Was a Believer of Trog.
             Killed by divine providence
             ... invoked by an orc priest
              (16 damage)
             ... on level 3 of the Dungeon.
             The game lasted 00:02:52 (2581 turns).

dolemite99 the Bolt Thrower (Gargoyle Hunter)       Turns: 2581, Time: 00:02:52

Health: -10/35     AC: 10    Str: 16    XL:     6   Next: 4%
Magic:  6/6        EV:  9    Int: 11    God:    Trog [**....]
Gold:   126        SH:  0    Dex: 12    Spells: 5/5 levels left

rFire   . . .      SeeInvis +   a - +1 hand crossbow
rCold   . . .      Faith    .   (no shield)
rNeg    + . .      Spirit   .   r - +0 scale mail
rPois   ∞          Reflect  .   (no helmet)
rElec   +          Harm     .   (no cloak)
rCorr   .          Rampage  .   (no gloves)
Will    .....                   (no boots)
Stlth   ..........              (no amulet)
HPRegen 0.11/turn               p - ring of see invisible
MPRegen 0.10/turn               (no ring)

@: no status effects
A: sickness immunity, AC +4, negative energy resistance 1, electricity
resistance, torment resistance 1, petrification resistance
a: Renounce Religion, Berserk, Trog's Hand


You were on level 3 of the Dungeon.
You worshipped Trog.
Trog was pleased with you.
You visited 1 branch of the dungeon, and saw 3 of its levels.

You collected 126 gold pieces.

Inventory:

Hand Weapons
 a - a +1 hand crossbow (weapon)
 n - a +0 dagger of protection
Missiles
 i - 58 stones
 q - 4 boomerangs
Armour
 b - a +0 leather armour
 h - a +0 chain mail
 m - a +0 pair of boots
 r - a +0 scale mail (worn)
Jewellery
 p - a ring of see invisible (left hand)
Scrolls
 c - 2 scrolls of teleportation {unknown}
 e - 4 scrolls of identify {unknown}
 g - 2 scrolls of magic mapping {unknown}
 j - a scroll of holy word {unknown}
 l - a scroll of torment {unknown}
Potions
 d - a potion of brilliance {unknown}
 f - a potion of mutation {unknown}
 k - a potion of heal wounds {unknown}
 o - a potion of magic {unknown}


   Skills:
 - Level 2.1 Fighting
 + Level 7.1 Crossbows
 - Level 1.5 Dodging
 - Level 1.1 Stealth


You had 5 spell levels left.
You didn't know any spells.
Your spell library was empty.

Dungeon Overview and Level Annotations

Branches:
Dungeon (3/15)

Altars:
Ashenzari
Trog


Innate Abilities, Weirdness & Mutations

You are immune to sickness and miasma.
Your stone body is resilient. (AC +4)
You are immune to poison.
You resist negative energy. (rN+)
You are resistant to electric shocks. (rElec)
You are resistant to unholy torment.
You are immune to petrification.


Message History

Shoot: a) +1 hand crossbow
Press: ? - help, Shift-Dir - straight line, f/p - orc priest
Aim: an orc priest, wielding a +0 mace (moderately wounded, 64% to hit)
You shoot a bolt. The bolt barely misses the orc priest.
The orc priest hits you but does no damage.
The orc priest closely misses you.
Shoot: a) +1 hand crossbow
Press: ? - help, Shift-Dir - straight line, f/p - orc priest
Aim: an orc priest, wielding a +0 mace (moderately wounded, 64% to hit)
You shoot a bolt. The bolt closely misses the orc priest.
The orc priest hits you but does no damage.
Shoot: a) +1 hand crossbow
Press: ? - help, Shift-Dir - straight line, f/p - orc priest
Aim: an orc priest, wielding a +0 mace (moderately wounded, 64% to hit)
You shoot a bolt. The bolt hits the orc priest.
The orc priest is heavily wounded.
The orc priest closely misses you. The orc priest hits you with a +0 mace.
* * * LOW HITPOINT WARNING * * *
Shoot: a) +1 hand crossbow
Press: ? - help, Shift-Dir - straight line, f/p - orc priest
Aim: an orc priest, wielding a +0 mace (heavily wounded, 64% to hit)
You shoot a bolt. The bolt hits the orc priest.
The orc priest is severely wounded.
The orc priest closely misses you.
Shoot: a) +1 hand crossbow
Press: ? - help, Shift-Dir - straight line, f/p - orc priest
Aim: an orc priest, wielding a +0 mace (severely wounded, 64% to hit)
You shoot a bolt.
The bolt hits the orc priest but does no damage.
The orc priest is severely wounded.
The orc priest closely misses you.
Shoot: a) +1 hand crossbow
Press: ? - help, Shift-Dir - straight line, f/p - orc priest
Aim: an orc priest, wielding a +0 mace (severely wounded, 64% to hit)
You shoot a bolt. The bolt hits the orc priest.
The orc priest is almost dead.
The orc priest closely misses you.
The orc priest mumbles some strange prayers to Beogh against you.
Beogh smites you!
You die...

#.# #.#...#.# #.##..........
###.###.#...#.###.##.)........
#.....#.#.#.......>...........
#.....#.#.#.......#########..#
#.....#.....#.............#...
###.....###.#.####..#######.###.
#...........#.# #.>.....<......
###.......###.####...#########.#
######......#@...............#
#.######o###...#######...
#†####.#.#<......##......
#......#.#.#.###.##......
######.....#.#.#.##......
#....##.#.#.##......
#.....#<..#.#####.##
##....#.#.#.# #.## #....#.#...#
##.##


You could see an orc priest.

Vanquished Creatures
  A centaur zombie (D:3)
  A bullfrog skeleton (D:3)
  2 orc wizards (D:3)
  4 adders
  A worm (D:3)
  2 dart slugs
  4 orcs (D:3)
  7 ball pythons
  6 bats
  3 endoplasms
  6 giant cockroaches
  5 goblins
  5 hobgoblins
  2 jackals (D:1)
  4 quokkas
  4 frilled lizards
  16 kobolds
  3 rats
76 creatures vanquished.

Vanquished Creatures (others)
  4 plants (D:3)
  4 toadstools (D:3)
8 creatures vanquished.

Grand Total: 84 creatures vanquished

Notes
Turn   | Place    | Note
-------+----------+-------------------------------------------
     0 | D:1      | dolemite99 the Gargoyle Hunter began the quest for the Orb.
     0 | D:1      | Reached XP level 1. HP: 12/12 MP: 1/1
   131 | D:1      | Reached XP level 2. HP: 17/17 MP: 2/2
   731 | D:1      | Reached XP level 3. HP: 19/21 MP: 3/3
   922 | D:2      | Found a faded altar of an unknown god.
   925 | D:2      | Reached skill level 5 in Crossbows
   944 | D:2      | Prayed at the altar of an unknown god.
   944 | D:2      | Became a worshipper of Trog the Wrathful
   944 | D:2      | Reached * piety under Trog
  1141 | D:2      | Reached XP level 4. HP: 26/26 MP: 4/4
  1814 | D:3      | Reached ** piety under Trog
  1864 | D:3      | Found a broken altar of Ashenzari.
  1889 | D:3      | Reached skill level 6 in Crossbows
  2038 | D:3      | Reached XP level 5. HP: 29/30 MP: 5/5
  2574 | D:3      | Reached skill level 7 in Crossbows
  2574 | D:3      | Reached XP level 6. HP: 12/35 MP: 6/6
  2581 | D:3      | Killed from afar by an orc priest

Illustrated notes

Levels and vault maps discovered:
D:1:      eino_arrival_water_cross, layout_loops_ring,
          minmay_misc_feat_diagonals
D:2:      layout_basic, shapermc_ecumenical_altar_notcrosses, hex_large,
          minmay_nonomino_d4
D:3:      cheibrodos_fertilizer, layout_basic, mainiacjoe_overflow_boulevard,
          nicolae_concentric_dashed_squares_wild

Skill      XL: |  1  2  3  4  5 |
---------------+----------------+-----
Crossbows      | 5 6 7 |  7.1
Fighting       | |  2.1
Dodging        | |  1.5
Stealth        | |  1.1

Action                   |  1- 3 |  4- 6 || total
-------------------------+-------+-------++-------
Melee: Dagger            |       |     4 ||     4
 Fire: Hand crossbow     |    82 |   147 ||   229
Invok: Trog's Hand       |       |     2 ||     2
       Berserk           |       |     1 ||     1
  Use: Scroll            |       |     1 ||     1
Armor: Leather armour    |    17 |    26 ||    43
       Scale mail        |       |    30 ||    30
Dodge: Dodged            |    21 |    56 ||    77

Table legend: (Time is in decaauts)
 A = Elapsed time spent in this place.
 B = Non-inter-level travel time spent in this place.
 C = Inter-level travel time spent in this place.
 D = Time resting spent in this place.
 E = Time spent auto-exploring this place.
 F = Levels seen in this place.
 G = Mean time per level.
                   A        B        C        D        E       F      G
               +--------+--------+--------+--------+--------+-----+--------+
         Total |   2653 |   2616 |     37 |    123 |   1904 |   3 |  884.3 |
       Dungeon |   2653 |   2616 |     37 |    123 |   1904 |   3 |  884.3 |
               +--------+--------+--------+--------+--------+-----+--------+

Top non-repeatable levels by time:
     D:1: 925 daAuts
     D:3: 903 daAuts
     D:2: 824 daAuts
